Map: Pillars of Gold LE

Players

soO - Winner!

  • Race: Zerg Zerg
  • League: Master
  • Spawn Location: 1:00

JinairRogue (Rogue)

  • Race: Zerg Zerg
  • Spawn Location: 7:00

Event: War Chest Team League

VOD

Have the link to the VOD?

Description

Time

  • Played on: July 31, 2020, 6:51 a.m.
  • Length: 12:37
Show
View Real Time Build Order
Export as new Build Order

soO Zerg - Winner!

Build Orders: Hatch First 

Get SALT Encoding   

  12  0:00  Drone  
  13  0:12  Overlord  
  13  0:17  Drone  
  14  0:30  Drone  
  14  0:31  Drone  
  16  0:49  Hatchery  
  15  0:53  Drone  
  15  0:56  Drone  
  17  1:00  Drone  
  18  1:10  Extractor  
  17  1:15  Spawning Pool  
  16  1:18  Drone  
  16  1:21  Drone  
  18  1:28  Drone  
  19  1:38  Drone  
  20  1:54  Overlord  
  20  2:01  Queen x2  
  20  2:02  Zergling x2  
  20  2:03  Drone  
  26  2:13  Drone  
  26  2:14  Drone  
  28  2:22  Drone  
  29  2:23  Drone  
  30  2:31  Overlord  
  30  2:33  Drone  
  31  2:37  Queen  
  31  2:40  Lair  
  31  2:43  Drone  
  34  2:45  Drone  
  35  2:53  Drone  
  35  2:55  Drone  
  37  2:59  Evolution Chamber  
  37  3:02  Roach Warren  
  37  3:05  Drone x2  
  37  3:09  Drone  
  37  3:10  Drone  
  39  3:13  Drone  
  39  3:14  Drone  
  41  3:21  Drone x3  
  41  3:25  Zerg Missile Weapons Level 1  
  44  3:30  Extractor  
  44  3:32  Extractor, Overlord  
  42  3:34  Drone  
  42  3:38  Drone  
  44  3:41  Glial Reconstitution  
  44  3:46  Overlord  
  44  3:51  Drone x2  
  44  3:52  Drone x3  
  44  3:53  Drone  
  50  3:56  Overlord  
  50  4:05  Roach x3  
  56  4:16  Hatchery  
  55  4:18  Overseer  
  55  4:21  Roach  
  57  4:26  Roach x2  
  57  4:29  Roach  
  65  4:31  Roach  
  65  4:36  Overlord  
  65  4:37  Roach  
  67  4:42  Overlord  
  67  4:49  Overlord, Overseer  
  67  4:56  Roach x4  
  75  5:04  Roach x4  
  83  5:09  Roach x2  
  87  5:15  Roach  
  87  5:16  Overlord, Roach  
  91  5:21  Drone  
  91  5:25  Zerg Missile Weapons Level 2  
  92  5:29  Drone x3  
  92  5:30  Drone  
  92  5:35  Drone  
  97  5:36  Drone  
  97  5:39  Drone  
  97  5:40  Evolution Chamber  
  98  5:44  Drone x3  
  98  5:48  Roach x2  
  105  5:53  Overlord  
  105  5:54  Drone  
  105  5:56  Overlord  
  106  6:03  Spine Crawler  
  105  6:04  Ravager  
  105  6:08  Overlord  
  106  6:13  Drone x2  
  106  6:14  Drone x3  
  106  6:15  Extractor  
  106  6:16  Extractor  
  109  6:20  Drone x5  
  109  6:21  Overlord  
  109  6:23  Overlord  
  114  6:25  Overlord  
  114  6:26  Overlord  
  114  6:30  Zerg Ground Armor Level 1  
  114  6:31  Roach  
  117  6:33  Roach  
  117  6:34  Roach  
  121  6:40  Roach x3  
  121  6:44  Roach, Drone x2  
  121  6:45  Roach  
  133  6:47  Roach  
  133  6:52  Roach x3  
  141  7:03  Roach x6  
  153  7:10  Overlord  
  153  7:12  Overlord  
  153  7:13  Overlord x2  
  153  7:15  Overlord  
  153  7:16  Overseer  
  153  7:18  Overlord  
  153  7:24  Overlord  
  153  7:31  Ravager  
  153  7:33  Roach x6  
  153  7:35  Ravager  
  153  7:36  Ravager x3  
  170  7:38  Roach x2  
  170  7:43  Roach x4  
  182  7:48  Roach  
  182  7:49  Roach x2  
  184  7:53  Roach x2  
  184  7:56  Roach  
  188  8:01  Roach x2  
  188  8:02  Roach  
  188  8:03  Roach  
  188  8:05  Roach  
  196  8:09  Roach  
  196  8:11  Roach  
  186  8:14  Roach  
  186  8:16  Roach x2  
  186  8:17  Roach x2  
  186  8:23  Ravager  
  187  8:28  Roach x3  
  187  8:33  Ravager  
  194  8:36  Hatchery  
  193  8:41  Ravager  
  193  8:43  Roach x3  
  200  8:49  Roach  
  200  8:51  Roach  
  200  8:54  Roach x2  
  190  8:55  Roach x2  
  190  8:56  Roach  
  190  8:58  Roach  
  190  9:00  Roach  
  163  9:03  Roach  
  163  9:04  Roach  
  163  9:06  Roach  
  147  9:11  Roach x3  
  151  9:18  Roach  
  151  9:19  Roach x2  
  151  9:20  Roach  
  151  9:23  Roach x2  
  159  9:31  Roach x3  
  167  9:38  Roach x2  
  167  9:39  Roach x2  
  173  9:46  Ravager  
  173  9:47  Roach x2  
  173  9:52  Roach x2  
  184  9:53  Roach  
  184  10:00  Roach x4  
  184  10:02  Roach  
  184  10:05  Roach  
  192  10:08  Roach  
  191  10:14  Roach x4  
  191  10:18  Roach  
  183  10:28  Roach x5  
  183  10:35  Roach x3  
  183  10:37  Roach x2  
  188  10:42  Roach  
  188  10:43  Roach  
  188  10:49  Roach x3  
  196  10:55  Roach x2  
  200  11:02  Roach  
  200  11:10  Roach  
  200  11:14  Roach  
  200  11:18  Roach  
  196  11:20  Roach  
  196  11:23  Roach  
  168  11:26  Roach x5  
  168  11:27  Roach x5  
  168  11:31  Roach x2  
  162  11:35  Roach x2  
  162  11:37  Roach  
  152  11:41  Roach  
  152  11:43  Roach  
  152  11:44  Roach  
  150  11:50  Roach  
  150  11:51  Roach  
  137  11:55  Roach  
  137  11:56  Roach  
  137  11:59  Roach  
  127  12:05  Roach x2  
  127  12:08  Ravager  
  130  12:10  Roach x2  
  134  12:16  Roach x2  
  133  12:27  Ravager  
Show
View Real Time Build Order
Export as new Build Order

JinairRogue Zerg 

Build Orders: Hatch First 

Get SALT Encoding   

  12  0:00  Drone  
  13  0:12  Overlord  
  13  0:18  Drone  
  14  0:32  Drone x2  
  16  0:50  Hatchery  
  16  0:53  Drone  
  16  0:56  Drone  
  17  1:01  Drone  
  18  1:10  Extractor  
  17  1:16  Spawning Pool  
  16  1:19  Drone  
  16  1:23  Drone  
  18  1:29  Drone  
  19  1:39  Drone  
  20  1:49  Drone  
  21  2:03  Queen x2, Overlord, Drone  
  26  2:12  Drone  
  26  2:14  Drone  
  28  2:23  Drone  
  28  2:24  Drone  
  30  2:33  Zergling x2  
  31  2:39  Hatchery  
  30  2:44  Drone x2  
  30  2:48  Queen  
  30  2:51  Overlord  
  34  2:57  Evolution Chamber  
  34  2:58  Drone  
  34  2:59  Drone  
  35  3:06  Drone  
  35  3:12  Drone x4  
  40  3:15  Drone x2  
  40  3:18  Overlord  
  42  3:25  Zerg Missile Weapons Level 1  
  41  3:27  Drone  
  41  3:28  Drone  
  41  3:33  Roach Warren  
  42  3:38  Drone x2  
  44  3:43  Lair  
  44  3:46  Extractor x2, Drone  
  43  3:51  Drone x3  
  46  3:55  Drone  
  46  3:56  Drone  
  46  4:00  Overlord  
  48  4:09  Overlord  
  48  4:13  Roach x4  
  56  4:21  Roach x3  
  62  4:26  Roach  
  62  4:28  Roach x2  
  62  4:31  Roach  
  70  4:34  Overlord  
  70  4:37  Roach  
  74  4:38  Roach  
  74  4:43  Glial Reconstitution  
  74  4:46  Overlord  
  74  4:49  Overseer  
  74  4:57  Overlord  
  74  5:00  Overlord  
  74  5:06  Roach x3  
  80  5:07  Overlord  
  80  5:08  Overlord  
  80  5:14  Overlord  
  80  5:18  Roach x2  
  84  5:22  Drone  
  84  5:23  Drone x2  
  87  5:29  Roach  
  87  5:30  Roach  
  87  5:31  Drone  
  92  5:38  Roach x2  
  92  5:40  Roach  
  98  5:43  Roach  
  98  5:44  Drone x3  
  98  5:47  Extractor  
  102  5:51  Drone x3  
  102  5:56  Overlord  
  105  5:57  Roach  
  105  5:58  Drone  
  105  5:59  Drone  
  109  6:05  Pneumatized Carapace  
  109  6:06  Evolution Chamber  
  109  6:07  Zerg Missile Weapons Level 2, Drone x2  
  111  6:11  Drone x3  
  111  6:18  Drone x3  
  116  6:20  Extractor, Drone x2  
  117  6:30  Roach  
  117  6:31  Overlord x2, Roach  
  121  6:35  Zerg Ground Armor Level 1  
  121  6:38  Overlord  
  121  6:39  Ravager, Overlord  
  122  6:42  Overseer  
  122  6:46  Overlord x3  
  122  6:51  Roach x3  
  126  6:57  Drone  
  126  6:59  Roach x4  
  133  7:05  Roach x3  
  137  7:13  Roach  
  137  7:14  Roach x4  
  147  7:16  Ravager x2  
  147  7:19  Roach x2  
  153  7:24  Roach x3  
  153  7:28  Roach x2  
  153  7:29  Overlord  
  163  7:36  Roach x3  
  169  7:37  Overlord  
  169  7:41  Overlord  
  169  7:42  Overlord  
  169  7:47  Overlord x2  
  169  7:52  Roach x4  
  178  7:58  Ravager  
  178  8:00  Roach  
  178  8:01  Roach x2  
  184  8:12  Roach x8  
  182  8:19  Extractor  
  171  8:21  Ravager  
  171  8:23  Hatchery  
  171  8:26  Burrow  
  172  8:27  Drone x3  
  174  8:35  Roach  
  174  8:36  Roach x5  
  186  8:42  Tunneling Claws  
  190  8:48  Roach x3  
  190  8:49  Roach x2  
  174  8:57  Roach x4  
  174  9:01  Roach x2  
  174  9:02  Roach  
  162  9:06  Roach x2  
  162  9:09  Roach  
  146  9:13  Ravager x2  
  148  9:17  Roach x3  
  148  9:19  Roach  
  154  9:24  Drone x3  
  157  9:34  Roach, Infestation Pit  
  157  9:35  Roach x4  
  166  9:40  Roach  
  166  9:41  Roach x2  
  172  9:49  Roach x2  
  172  9:50  Roach x3  
  182  9:57  Ravager x2  
  182  9:58  Roach x2  
  188  10:01  Roach x2  
  188  10:03  Roach x2  
  196  10:07  Roach x2  
  196  10:10  Roach x2  
  198  10:17  Roach x2  
  198  10:20  Roach  
  184  10:25  Roach x6  
  184  10:27  Roach x2  
  186  10:31  Roach x5  
  186  10:35  Hive, Roach x2  
  188  10:39  Roach x3  
  196  10:42  Roach  
  196  10:48  Roach  
  198  10:52  Roach  
  200  11:17  Roach  
  196  11:22  Roach  
  196  11:23  Roach  
  196  11:24  Roach x12  
  188  11:26  Roach  
  188  11:29  Roach x4  
  188  11:30  Roach x3  
  162  11:36  Queen, Roach  
  162  11:38  Roach x2  
  162  11:39  Roach  
  144  11:46  Roach  
  131  11:48  Roach x2  
  131  11:49  Roach x16  
  131  11:51  Roach  
  121  11:57  Roach x19  
  105  12:01  Roach x4  
  105  12:02  Roach  
  109  12:10  Roach x3  
  109  12:14  Roach  
  115  12:17  Roach  
Tags
 
Add a new tag
Caveats
  • Supply blocks, unpowered buildings, or Contaminate may cause inaccurate times.
  • Supply counts are checked every 10 seconds.